cohdb
Replays
Latest Replays
All Replays
Popular Replays
Top Player Replays
Match Explorer
How It Works
Community
CoH3 Stats
Reddit
Sign in to upload your games and track your stats! →
Sign in with Steam
Match 41445752
Unlisted
Match 41445752
Overview
Messages
Build Orders
End
Selects Armored Support Battlegroup
Panzergrenadier Squad
Panzergrenadier Squad
250 Light Carrier
Construct Light Support Kompanie
2.5-tonne Medical Truck
Combat Half-tracks
Fire Support Elements
MG34 Team
Flakvierling Half-track
Construct Mechanized Kompanie
Vehicle Survival Package
Selects Veteran Gunners
Selects Salvage Kits
Flakvierling Half-track
Emergency Repair Kits
StuG III D Assault Gun
Selects Panzer Storm
MG34 Team
Tungsten Core Ammunition
Construct Panzerarmee Kommand
Pak 38 Anti-tank Gun Team
Selects Stuka Dive Bomb
Panzer III L Medium Tank
Adyases
Tchibo°^°
Kvejgar
Jolesepher
MADAO
ROFLMAO
0
0
Comments
sign in to comment!
No comments posted yet!